 Dungeon Crawl Stone Soup version 0.30-a0-883-g5ad918d77d (webtiles) character file.

Game seed: 5684566791652459108

21477 lunkers the Carver (level 13, -20/116 HPs)
             Began as a Meteoran Fighter on Mar 15, 2023.
             Was a High Priest of Okawaru.
             Demolished by Rupert
             ... wielding a +0 battleaxe of electrocution
              (31 damage)
             ... on level 3 of the Lair of Beasts.
             The game lasted 00:29:59 (5366 turns).

lunkers the Carver (Meteoran Fighter)               Turns: 5366, Time: 00:30:00

Health: -20/116    AC: 26    Str: 18    XL:     13   Next: 51%
Magic:  29/29      EV: 22    Int:  7    God:    Okawaru [*****.]
Gold:   572        SH:  7    Dex: 23    Spells: 12/12 levels left

rFire   . . .      SeeInvis +    b - +2 long sword (elec)
rCold   . . .      Faith    .    c - +0 buckler
rNeg    . . .      Spirit   .    E - +5 chain mail of Time Monsters {MP+9 Int-4 Dex+5 SInv}
rPois   .          Reflect  .    s - +0 helmet
rElec   .          Rampage  .    (no cloak)
rCorr   .                        J - +2 pair of gloves of a treasure trove {Regen+}
Will    ++...                    C - +0 pair of boots Stlth
                                 B - amulet of regeneration
HPRegen 1.99/turn                g - +5 ring of evasion
MPRegen 0.21/turn                j - ring of willpower

@: about to teleport, heroic, glowing, studying Fighting
A: sense surroundings 2, otherworldly, glowing, explore regen
a: Renounce Religion, Heroism, Finesse, Duel


You were on level 3 of the Lair of Beasts.
You worshipped Okawaru.
Okawaru was extremely pleased with you.
You visited 3 branches of the dungeon, and saw 13 of its levels.
You also visited: Gauntlet.

You collected 572 gold pieces.

Inventory:

Hand Weapons
 b - a +2 long sword of electrocution (weapon)
 P - the +8 mithril axe "Arga" {speed, Will+}
   (You took it off a minotaur in a Gauntlet)

   Will:      It increases your willpower.
Armour
 c - a +0 buckler (worn)
 d - a +2 ring mail of willpower
 k - a +2 ring mail of willpower
 s - a +0 helmet (worn)
 x - a scarf of shadows
 y - +0 swamp dragon scales
 C - a +0 pair of boots (worn)
 E - the +5 chain mail of Time Monsters (worn) {MP+9 Int-4 Dex+5 SInv}
   (You found it on level 9 of the Dungeon)

   Int:       It affects your intelligence (-4).
   Dex:       It affects your dexterity (+5).
   MP:        It affects your magic capacity (+9).
   SInv:      It lets you see invisible.
 I - a +1 hat
 J - the +2 pair of gloves of a treasure trove (worn) {Regen+}
   (Okawaru gifted it to you in a Gauntlet)

   Regen:     It increases your rate of health regeneration.
 L - the +0 pair of gloves "Xiablechoah" {SInv}
   (You found it in a Gauntlet)

   SInv:      It lets you see invisible.
Jewellery
 g - a +5 ring of evasion (left hand)
 i - a ring of resist corrosion
 j - a ring of willpower (right hand)
 r - a +6 ring of dexterity
 v - an amulet of faith
 B - an amulet of regeneration (around neck)
 D - a ring of ice
 G - a ring of magical power
 M - the ring "Jynil" {Int+5 Dex+4 SInv}
   (You took it off a minotaur in a Gauntlet)

   [ring of see invisible]

   Int:       It affects your intelligence (+5).
   Dex:       It affects your dexterity (+4).
   SInv:      It lets you see invisible.
Wands
 u - a wand of polymorph (11)
Scrolls
 f - a scroll of immolation
 o - a scroll of amnesia
 p - a scroll of vulnerability
 t - a scroll of fog
 z - 2 scrolls of enchant armour
 H - a scroll of magic mapping
 K - 4 scrolls of fear
 O - 2 scrolls of teleportation
Potions
 e - 5 potions of haste
 h - 7 potions of heal wounds
 l - 2 potions of ambrosia
 m - 4 potions of invisibility
 n - 3 potions of curing
 w - a potion of attraction
 N - a potion of brilliance
Miscellaneous
 q - a lightning rod (inert)


   Skills:
 + Level 11.0(16.0) Fighting
 - Level 14.0(19.0) Long Blades
 + Level 11.5(16.5) Armour
 + Level 10.9(15.9) Dodging
 - Level 3.6(8.6) Shields
 - Level 8.0 Invocations
 + Level 5.3 Evocations


You had 12 spell levels left.
You didn't know any spells.
Your spell library contained the following spells:

 Spells                   Type           Power      Damage    Failure   Level
 Beastly Appendage        Tmut           0%         N/A       97%         1
 Blink                    Tloc           0%         N/A       99%         2
 Lesser Beckoning         Tloc           0%         N/A       99%         2
 Momentum Strike          Conj/Tloc      0%         3d8       99%         2
 Wereblood                Tmut           0%         N/A       99%         2
 Gell's Gravitas          Tloc           0%         N/A       100%        3
 Spider Form              Tmut/Pois      0%         N/A       100%        3
 Teleport Other           Tloc           0%         N/A       100%        3
 Manifold Assault         Tloc           0%         N/A       100%        4
 Petrify                  Tmut/Erth      0%         N/A       100%        4
 Dispersal                Tloc           0%         N/A       100%        6
 Dragon Form              Tmut           0%         N/A       100%        7
 Disjunction              Tloc           0%         N/A       100%        8


Dungeon Overview and Level Annotations

Branches:
Dungeon (9/15) Zot: 1545   Temple (1/1) D:4 Zot: 533    Lair (3/5) D:9 Zot: 784
Gauntlet (visited)
  Swamp: Lair:2-3    Shoals: Lair:2-3     Snake: Lair:2-3    Spider: Lair:2-3
    Orc: D:9-12

Altars:
Cheibriados
Dithmenos
Elyvilon
Fedhas
Gozag
Kikubaaqudgha
Makhleb
Nemelex Xobeh
Okawaru
Ru
Sif Muna
Trog
Wu Jian
Xom
Zin

Shops:
D:8 [

Annotations:
D:3 1 runed translucent door, mandoloar's ghost, weakling GnFE
D:5 3 transporters, Pikel; runemasterragnar's ghost, weakling DsDe
Lair:1 3 runed translucent doors, Rudyous's ghost, journeyman GnCj
Lair:3 Rupert


Innate Abilities, Weirdness & Mutations

You passively map the area around you.
You are easily found by Zot.
You glow in the dark.
You regain HP and MP as you explore.


Message History

Rupert is heavily wounded.
Rupert hits you with a +0 battleaxe of electrocution!
* * * LOW HITPOINT WARNING * * *
You barely miss Rupert.
Rupert is heavily wounded.
Rupert closely misses you.
You slash Rupert!
Rupert is severely wounded.
Rupert hits you with a +0 battleaxe of electrocution.
* * * LOW HITPOINT WARNING * * *
Rupert closely misses you.
Aiming: Quicksilver Bolt
Press: ? - help, Shift-Dir - straight line, f - Rupert
Aim: Rupert, wielding a +0 battleaxe of electrocution and wearing a +0 scale mail (heavily wounded, berserk, 77% to hit)
The bolt of dispelling energy misses Rupert.
The now-empty wand crumbles to dust.
Rupert misses you.
Unknown command.
Unknown command.
Aiming: Thunderbolt
Press: ? - help, Shift-Dir - straight line, f/p - Rupert
Aim: Rupert, wielding a +0 battleaxe of electrocution and wearing a +0 scale mail (heavily wounded, berserk)
The thunderbolt hits Rupert!
Rupert is severely wounded.
The lightning rod overheats!
Rupert hits you with a +0 battleaxe of electrocution!!
* * * LOW HITPOINT WARNING * * *
You are electrocuted!
* * * LOW HITPOINT WARNING * * *
Rupert completely misses you.
Unknown command.
You can't see any enemies this would affect, really read the scroll of fear?
Okay, then.
As you read the scroll of teleportation, it crumbles to dust.
You feel strangely unstable. You block Rupert's attack.
A bullfrog comes into view.
The bullfrog croaks.
Rupert rages.
A wolf comes into view.
Rupert hits you with a +0 battleaxe of electrocution!!
You die...

* * #........# *.. ,
,, ##........# #..
#.........###....,,
##.........#...... ,
#................., ,
*#.............Fh.. ,,
*P................*
#...P..@@........ * ,
#.P##.......###* * , *
* #.....P## ,* * *
###.....P#*#.. , * ,
####.#......##P.# * *
,,.................. ,
* .................. ,
*
**,,..................
, , * *,,
...............#####*
###


You could see Rupert (berserk), a wolf and a bullfrog.

Vanquished Creatures
  A minotaur (Gauntlet)
  3 hydras
  The ghost of Pimp the Magician, a journeyman DsFE (D:9)
  3 two-headed ogres (D:9)
  2 boulder beetles
  A skyshark (Lair:3)
  A fire crab (Gauntlet)
  A deep troll (D:9)
  A worldbinder (Gauntlet)
  A manticore (Lair:3)
  3 elephants (Lair:1)
  2 black mambas (Lair:3)
  A moth of wrath (D:9)
  5 cane toads
  4 komodo dragons
  Maggie (D:8)
  Psyche (D:8)
  2 rime drakes
  A troll (D:9)
  A polar bear (Lair:1)
  Grinder (D:3)
  A blink frog (Lair:3)
  A dream sheep (Lair:3)
  9 yaks
  2 wyverns (Lair:3)
  A basilisk (Lair:3)
  4 fire bats (Gauntlet)
  2 steam dragons
  6 water moccasins
  An acid dragon (D:9)
  3 sky beasts
  4 orc warriors
  3 black bears
  An ogre (D:5)
  3 wolves (Lair:1)
  2 boggarts (Gauntlet)
  3 centaurs
  A lemure (D:4)
  A phantom (D:7)
  9 bullfrogs
  5 scorpions
  4 killer bees (D:9)
  A howler monkey (D:7)
  3 jellies
  2 orc priests (D:8)
  6 hounds
  A gnoll bouda (D:9)
  3 iguanas
  4 orc wizards
  7 gnolls
  5 adders
  A shadow imp (D:6)
  An ufetubus (D:4)
  2 worms (D:3)
  A dart slug (D:4)
  9 orcs
  2 bats
  4 endoplasms
  A giant cockroach (D:4)
  5 goblins
  2 hobgoblins
  4 jackals (D:1)
  3 quokkas
  5 ball pythons
  5 frilled lizards
  A rat (D:1)
181 creatures vanquished.

Vanquished Creatures (others)
  10 fungi
  10 plants
  2 withered plants (D:3)
22 creatures vanquished.

Grand Total: 203 creatures vanquished

Notes
Turn   | Place    | Note
-------+----------+-------------------------------------------
     0 | D:1      | lunkers the Meteoran Fighter began the quest for the Orb.
     0 | D:1      | Reached XP level 1. HP: 19/19 MP: 2/2
    25 | D:1      | Reached skill level 3 in Long Blades
    25 | D:1      | Reached XP level 2. HP: 14/26 MP: 3/3
   294 | D:2      | Reached XP level 3. HP: 31/31 MP: 4/4
   497 | D:2      | Reached skill level 4 in Long Blades
   660 | D:3      | Noticed Grinder
   674 | D:3      | Killed Grinder
   675 | D:3      | Reached skill level 7 in Long Blades
   675 | D:3      | Reached XP level 4. HP: 17/38 MP: 5/5
   675 | D:3      | Reached XP level 5. HP: 20/45 MP: 6/6
   675 | D:3      | Reached XP level 6. HP: 23/51 MP: 7/7
   912 | D:3      | Found a runed translucent door.
   914 | D:3      | Noticed mandoloar's ghost (weakling GnFE)
   979 | D:3      | Found a blossoming altar of Fedhas.
  1056 | D:4      | Reached skill level 8 in Long Blades
  1056 | D:4      | Reached XP level 7. HP: 41/57 MP: 8/8
  1236 | D:4      | Reached skill level 9 in Long Blades
  1292 | D:4      | Found a staircase to the Ecumenical Temple.
  1318 | Temple   | Entered the Ecumenical Temple
  1377 | Temple   | Became a worshipper of Warmaster Okawaru
  1600 | D:4      | Reached XP level 8. HP: 60/63 MP: 9/9
  1691 | D:5      | Entered Level 5 of the Dungeon
  1693 | D:5      | Noticed Pikel
  1778 | D:4      | Identified a scroll of acquirement
  1778 | D:4      | Acquired a +2 long sword of electrocution
  1803 | D:5      | Found an opulent altar of Gozag.
  1887 | D:5      | Reached skill level 10 in Long Blades
  2094 | D:5      | Found a sparkling altar of Nemelex Xobeh.
  2094 | D:5      | Found a transporter.
  2094 | D:5      | Noticed a shadow
  2095 | D:5      | Noticed a troll
  2134 | D:5      | Found a transporter.
  2135 | D:5      | Found a transporter.
  2138 | D:5      | Noticed runemasterragnar's ghost (weakling DsDe)
  2337 | D:5      | Reached skill level 11 in Long Blades
  2420 | D:6      | Found a bloodstained altar of Trog.
  2528 | D:6      | Reached * piety under Okawaru
  2589 | D:6      | Gained mutation: You passively map the area around you.
                  | [Meteoran growth]
  2589 | D:6      | Reached XP level 9. HP: 63/70 MP: 10/10
  2760 | D:6      | Found a shimmering altar of Xom.
  2772 | D:6      | Reached skill level 12 in Long Blades
  2989 | D:7      | Reached skill level 13 in Long Blades
  3165 | D:7      | Reached ** piety under Okawaru
  3179 | D:7      | Reached skill level 14 in Long Blades
  3267 | D:8      | Noticed Psyche
  3267 | D:8      | Noticed Maggie
  3284 | D:8      | Killed Maggie
  3285 | D:8      | Reached skill level 1 in Dodging
  3285 | D:8      | Reached XP level 10. HP: 65/80 MP: 10/12
  3298 | D:8      | Killed Psyche
  3298 | D:8      | Reached *** piety under Okawaru
  3304 | D:8      | Reached skill level 5 in Fighting
  3324 | D:8      | Reached skill level 5 in Armour
  3324 | D:8      | Reached skill level 5 in Invocations
  3334 | D:8      | Found Wiotzem's Antique Armour Emporium.
  3528 | D:8      | Reached **** piety under Okawaru
  3549 | D:9      | Noticed a two-headed ogre
  3562 | D:9      | Killed a two-headed ogre
  3588 | D:9      | Reached XP level 11. HP: 89/89 MP: 17/17
  3643 | D:9      | Reached skill level 5 in Dodging
  3716 | D:9      | Reached ***** piety under Okawaru
  3762 | D:9      | Found a transporter.
  3765 | D:9      | Noticed a deep troll
  3765 | D:9      | Noticed a two-headed ogre
  3766 | D:9      | Noticed a two-headed ogre
  3770 | D:9      | Noticed Pimp's ghost (journeyman DsFE)
  3772 | D:9      | Noticed a moth of wrath
  3775 | D:9      | Found a bloodstained altar of Trog.
  3783 | D:9      | Found a transporter.
  3790 | D:9      | Killed a moth of wrath
  3812 | D:9      | Killed a two-headed ogre
  3823 | D:9      | Killed a deep troll
  3837 | D:9      | Killed Pimp's ghost
  3837 | D:9      | Received a gift from Okawaru
  3849 | D:9      | Killed a two-headed ogre
  3859 | D:9      | Identified the +5 chain mail of Time Monsters {MP+9 Int-4
                  | Dex+5 SInv}
  3964 | D:9      | Found a staircase to the Lair.
  3971 | Lair:1   | Entered Level 1 of the Lair of Beasts
  3973 | Lair:1   | Noticed an elephant
  3976 | Lair:1   | Noticed an elephant
  3976 | Lair:1   | Noticed an elephant
  4016 | Lair:1   | Reached XP level 12. HP: 102/103 MP: 19/19
  4048 | Lair:1   | Noticed a boulder beetle
  4048 | Lair:1   | Noticed a five-headed hydra
  4074 | Lair:1   | Killed a 16-headed hydra
  4093 | Lair:1   | Killed a boulder beetle
  4302 | Lair:1   | Found a runed translucent gate.
  4303 | Lair:1   | Found a runed translucent gate.
  4303 | Lair:1   | Found a runed translucent gate.
  4304 | Lair:1   | Noticed Rudyous's ghost (journeyman GnCj)
  4304 | Lair:1   | Noticed a 12-headed hydra
  4304 | Lair:1   | Noticed a 12-headed hydra
  4360 | Lair:1   | Reached skill level 10 in Armour
  4374 | Lair:1   | Reached skill level 1 in Evocations
  4381 | Lair:2   | Found a gate leading to a gauntlet.
  4399 | Gauntlet | Entered a Gauntlet
  4399 | Gauntlet | Found a transporter.
  4399 | Gauntlet | Found a transporter.
  4403 | Gauntlet | Found a transporter.
  4423 | Gauntlet | Found a transporter.
  4430 | Gauntlet | Found a runed translucent door.
  4433 | Gauntlet | Found a transporter.
  4433 | Gauntlet | Noticed a fire crab
  4435 | Gauntlet | Found a transporter.
  4439 | Gauntlet | Noticed a great orb of eyes
  4452 | Gauntlet | Found a transporter.
  4459 | Gauntlet | Found a transporter.
  4460 | Gauntlet | Noticed a quicksilver ooze
  4474 | Gauntlet | Found a transporter.
  4477 | Gauntlet | Found a transporter.
  4483 | Gauntlet | Noticed a catoblepas
  4485 | Gauntlet | Found a transporter.
  4489 | Gauntlet | Found a transporter.
  4518 | Gauntlet | Noticed a naga warrior
  4544 | Gauntlet | Noticed a sixfirhy
  4580 | Gauntlet | Identified the +2 pair of gloves of a treasure trove
                  | {Regen+} (Okawaru gifted it to you in a Gauntlet)
  4580 | Gauntlet | Received a gift from Okawaru
  4613 | Gauntlet | Killed a fire crab
  4614 | Gauntlet | Reached skill level 10 in Fighting
  4674 | Gauntlet | Identified the +0 pair of gloves "Xiablechoah" {SInv}
  4690 | Gauntlet | Identified the ring "Jynil" {Int+5 Dex+4 SInv}
  4690 | Gauntlet | Noticed a minotaur
  4706 | Gauntlet | Killed a minotaur
  4714 | Gauntlet | Got the Vellum of Evolution
  4856 | Lair:2   | Reached XP level 13. HP: 113/113 MP: 20/20
  4890 | Lair:3   | Reached skill level 10 in Dodging
  5013 | Lair:3   | Noticed a boulder beetle
  5027 | Lair:3   | Killed a boulder beetle
  5045 | Lair:3   | Noticed a seven-headed hydra
  5045 | Lair:3   | Noticed a six-headed hydra
  5065 | Lair:3   | Killed a seven-headed hydra
  5069 | Lair:3   | Killed a seven-headed hydra
  5070 | Lair:3   | Reached skill level 5 in Evocations
  5114 | Lair:3   | Acquired a manual of Fighting
  5349 | Lair:3   | Noticed Rupert
  5364 | Lair:3   | HP: 3/116 [Rupert/+0 battleaxe of electrocution (8)]
  5366 | Lair:3   | Demolished by Rupert

Illustrated notes

Levels and vault maps discovered:
D:1:      saegor_arrival_simple_b, layout_basic
D:2:      layout_loops_corners, kennysheep_jessica_study
D:3:      layout_basic, fedhas_altar_2, gammafunk_ghost_grave,
          minmay_goblin_outpost, uniq_ijyb, uniq_terence, uniq_grinder
D:4:      layout_basic, minmay_temple_entry_junction
D:5:      layout_loops_ring, grunt_nemelex_the_gamble, general_overflow_altar,
          gammafunk_ghost_hive, palyth_stone_intersect, uniq_pikel
D:6:      layout_basic, mainiacjoe_overflow_24_doors, trog_three_pillars_becter
D:7:      layout_cave_pools
D:8:      layout_rooms, serial_shops, nicolae_shop_stone,
          hangedman_decor_lopped, uniq_psyche, uniq_maggie
D:9:      layout_cave_pods, grunt_lair_entry_orc_guard_hut,
          gammafunk_ghost_wrathful_warriors
Temple:   nicolae_temple_ecumenical_triangle
Lair:1:   layout_long_grid, gammafunk_ghost_hydra_chop, minmay_shattered_shrine
Lair:2:   layout_layer_cave, minmay_shoals_entry_beasts, serial_bayou,
          serial_bayou_ford_a, serial_bayou_lagoon_a, serial_bayou_lake_a,
          serial_bayou_pond_a, serial_bayou_shore_b, serial_bayou_pond_c,
          gauntlet_entry_generic
Lair:3:   nzn_winding_woodlands_stair_cross [nzn_winding_woodlands_5x15_eye,
          nzn_winding_woodlands_center_diamonds,
          nzn_winding_woodlands_5x15_pathside_ponds,
          nzn_winding_woodlands_5x5_three,
          nzn_winding_woodlands_5x5_closed_star,
          nzn_winding_woodlands_5x15_sidewinder,
          nzn_winding_woodlands_center_pierced_h,
          nzn_winding_woodlands_5x15_default], layout_cellular_growth,
          minmay_snake_entry_guardpost_medium, st_stairs_7, lemuel_fruit_fields,
          uniq_rupert

Skill      XL: |  1  2  3  4  5  6  7  8  9 10 11 12 13 |
---------------+----------------------------------------+-----
Long Blades    | 3 7 8 9 11 14 | 14.0
Fighting       | 4 6 8 10 11 | 11.0
Armour         | 4 5 8 10 11 | 11.5
Dodging        | 1 4 7 9 10 | 10.9
Invocations    | 2 7 8 |  8.0
Evocations     | 3 5 |  5.3
Shields        | |  3.6

Action                     |  1- 3 |  4- 6 |  7- 9 | 10-12 | 13-15 || total
---------------------------+-------+-------+-------+-------+-------++-------
  Melee: Long sword        |    79 |    56 |   233 |   383 |    94 ||   845
 Invoke: Heroism           |       |       |       |     9 |     3 ||    12
  Evoke: Wand              |       |       |       |     7 |     7 ||    14
         Lightning rod     |       |       |       |       |     4 ||     4
    Use: Potion            |     1 |       |     1 |     1 |       ||     3
         Scroll            |       |     6 |    10 |     5 |     2 ||    23
 Armour: Scale mail        |    37 |       |       |       |       ||    37
         Ring mail         |     7 |    30 |    41 |    44 |       ||   122
         Chain mail        |       |       |       |   161 |    44 ||   205
  Dodge: Dodged            |    26 |    19 |    99 |   343 |    87 ||   574
  Block: Buckler           |    17 |    14 |    39 |   123 |    32 ||   225

Table legend: (Time is in decaauts)
 A = Elapsed time spent in this place.
 B = Non-inter-level travel time spent in this place.
 C = Inter-level travel time spent in this place.
 D = Time resting spent in this place.
 E = Time spent auto-exploring this place.
 F = Levels seen in this place.
 G = Mean time per level.
                   A        B        C        D        E       F      G
               +--------+--------+--------+--------+--------+-----+--------+
         Total |   5244 |   5037 |    207 |     50 |   2913 |  14 |  374.6 |
       Dungeon |   3854 |   3674 |    180 |      0 |   2316 |   9 |  428.2 |
        Temple |     66 |     53 |     13 |      0 |     26 |   1 |   66.0 |
          Lair |   1014 |   1000 |     14 |      0 |    561 |   3 |  338.0 |
      Gauntlet |    308 |    308 |      0 |     50 |     10 |   1 |  308.0 |
               +--------+--------+--------+--------+--------+-----+--------+

Top non-repeatable levels by time:
     D:4: 597 daAuts
     D:6: 572 daAuts
     D:5: 571 daAuts
     D:3: 528 daAuts
  Lair:3: 476 daAuts
     D:9: 396 daAuts
  Lair:1: 375 daAuts
     D:2: 369 daAuts
     D:8: 310 daAuts
Gauntlet: 308 daAuts
     D:7: 278 daAuts
     D:1: 231 daAuts
  Lair:2: 161 daAuts
  Temple: 66 daAuts
